 Dungeon Crawl Stone Soup version 0.19.0-9-gfd783f2 (webtiles) character file.

304 MovingMist the Skirmisher (level 6, -6/40 HPs)
             Began as a Gargoyle Fighter on Nov 7, 2016.
             Mangled by HessK's ghost (9 damage)
             ... on level 4 of the Dungeon.
             The game lasted 00:08:15 (2444 turns).

MovingMist the Skirmisher (Gargoyle Fighter)        Turns: 2444, Time: 00:08:17

Health: -6/40      AC: 12    Str: 22    XL:     6   Next: 38%
Magic:  6/6        EV:  7    Int:  8    God:
Gold:   149        SH:  9    Dex:  9    Spells: 0 memorised, 5 levels left

rFire  . . .     SeeInvis +     a - +0 flail
rCold  . . .     Gourm    .     b - +0 scale mail
rNeg   + . .     Faith    .     c - +0 shield
rPois  ∞         Spirit   .     (no helmet)
rElec  +         Reflect  .     (no cloak)
rCorr  .         Harm     .     q - +0 pair of gloves
MR     .....                    (no boots)
Stlth  ..........               (no amulet)
                                (no ring)
                                p - ring of see invisible

@: no status effects
A: negative energy resistance 1, electricity resistance, unbreathing,
petrification resistance, rot immunity, AC +4
a: no special abilities


You were on level 4 of the Dungeon.
You were not hungry.

You visited 1 branch of the dungeon, and saw 4 of its levels.

You collected 149 gold pieces.

Inventory:

Hand Weapons
 a - a +0 flail (weapon)
Armour
 b - a +0 scale mail (worn)
 c - a +0 shield (worn)
 l - a +0 chain mail
 q - a +0 pair of gloves (worn)
Jewellery
 p - a ring of see invisible (left hand)
Scrolls
 e - 9 scrolls of identify {unknown}
 g - a scroll of blinking {unknown}
 h - a scroll of immolation {unknown}
 j - a scroll of enchant weapon {unknown}
 k - a scroll of enchant armour {unknown}
 n - 3 scrolls of noise {unknown}
 r - 3 scrolls of fear {unknown}
Potions
 d - a potion of might
 i - a potion of resistance {unknown}
 m - a potion of ambrosia {unknown}
Comestibles
 f - 2 bread rations
 o - a meat ration


   Skills:
 * Level 5.2 Fighting
 + Level 3.6 Maces & Flails
 + Level 4.5 Armour
 + Level 4.3 Shields


You had 5 spell levels left.
You didn't know any spells.

Dungeon Overview and Level Annotations

Branches:
Dungeon (4/15)
 Temple: D:4-7

Altars:

Annotations:
D:4 HessK's ghost, amateur HuNe


Innate Abilities, Weirdness & Mutations

You are resistant to torment.
Your stone body is resilient. (AC +4)
You are immune to poison.
You resist negative energy. (rN+)
You are resistant to electric shocks. (rElec)
You can survive without breathing.
You are immune to petrification.
You are immune to rotting.


Message History

You see here a dart slug corpse.
The orc priest looks braver for a moment.
HessK's ghost says, "I was going to become a lich, but this is almost as good."
You sock the phantom!
The phantom is almost destroyed.
The phantom blinks!
HessK's ghost is no longer regenerating.
HessK's ghost casts a spell.
HessK's ghost's wounds begin to heal before your eyes!
The phantom blinks!
You see here a dart slug corpse.
You barely miss HessK's ghost. HessK's ghost hits you. HessK's ghost burns you.
You closely miss HessK's ghost.
HessK's ghost keens inconsolably.
HessK's ghost barely misses you.
The orc priest invokes the aid of Beogh against you.
Beogh smites you!
* * * LOW HITPOINT WARNING * * *
HessK's ghost hits you!
You die...

... ... # #.
######.. .... .§....
.#.######## .... ...
....... #..
#.##########
#.#####............
#.@Woo..# ######.
######.### #.
#.......o.#########.
.......l..).........
#.........#########.
#.........# #.
#.........# #.
#.........# #.
#..)....... #.


You could see an orc priest, HessK's ghost and an orc.

Vanquished Creatures
  Duvessa (D:4)
  Dowan (D:4)
  An orc wizard (D:4)
  5 adders
  An ooze (D:2)
  2 worms (D:2)
  2 dart slugs
  3 leopard geckos (D:1)
  3 orcs
  2 giant cockroaches
  6 goblins
  6 hobgoblins
  3 jackals (D:1)
  A quokka (D:2)
  2 ball pythons (D:1)
  5 bats
  3 frilled lizards
  7 kobolds
  5 rats
59 creatures vanquished.

Notes
Turn   | Place    | Note
-------+----------+-------------------------------------------
     0 | D:1      | MovingMist the Gargoyle Fighter began the quest for the Orb.
     0 | D:1      | Reached XP level 1. HP: 14/14 MP: 1/1
    62 | D:1      | Reached XP level 2. HP: 18/19 MP: 2/2
   298 | D:1      | Reached XP level 3. HP: 11/23 MP: 3/3
  1045 | D:2      | Reached skill level 4 in Fighting
  1045 | D:2      | Reached XP level 4. HP: 29/29 MP: 4/4
  1744 | D:3      | Found a faded altar of an unknown god.
  2001 | D:3      | Reached XP level 5. HP: 34/34 MP: 5/5
  2128 | D:4      | Noticed Dowan
  2129 | D:4      | Noticed Duvessa
  2142 | D:4      | Killed Duvessa
  2152 | D:4      | Killed Dowan
  2152 | D:4      | Reached skill level 5 in Fighting
  2152 | D:4      | Reached XP level 6. HP: 9/40 MP: 6/6
  2400 | D:4      | Noticed HessK's ghost (amateur HuNe)
  2417 | D:4      | Noticed a phantom
  2444 | D:4      | Mangled by HessK's ghost

Skill      XL: |  1  2  3  4  5 |
---------------+----------------+-----
Fighting       | 4 5 |  5.2
Armour         | 4 |  4.5
Shields        | 4 |  4.3
Maces & Flails | 3 |  3.6

Action                   |  1- 3 |  4- 6 || total
-------------------------+-------+-------++-------
Melee: Flail             |   148 |   104 ||   252
  Eat: Chunk             |     1 |     4 ||     5
Armor: Scale mail        |    85 |    44 ||   129
Dodge: Dodged            |    50 |    28 ||    78
Block: Shield            |    84 |    58 ||   142
